Cogmind - Beta 15 @@@ ROGUE MODE // 2025.09.04 @ 11:28:24 Player: Cog Result: Destroyed by 4P-1U8(g) with Salvaging Laser Performance ------------- Evolutions (0) 0 Regions Visited (3) 600 Robots Destroyed (5) 25 Value Destroyed (173) 173 Prototype IDs (2) 40 Alien Tech Used (0) 0 Bonus (0) 0 TOTAL SCORE: 838 Bonus ------- None Cogmind --------- Core Integrity 0/250 Matter 231/300 Energy 240/240 System Corruption 2% Temperature Hot (274) Movement Walking (260) Ox2 Location -9/Scraptown Parts ------- > --- POWER (1) -------- Nuclear Core > --- PROPULSION (2) --- Aluminum Leg > --- UTILITY (2) ------ Medium Storage Unit Utility Shielding > --- WEAPON (2) ------- Medium Laser Medium Laser > --- INVENTORY (10) --- Subdweller Power Source Light Angular Momentum Engine Wheel Compact Wheel Armored Wheel Improved Heat Sink Large Storage Unit Subdweller Optics Peak State ------------ > --- POWER ------------ Light Angular Momentum Engine > --- PROPULSION ------- Aluminum Leg Carbon-fiber Leg > --- UTILITY ---------- Medium Storage Unit Utility Shielding > --- WEAPON ----------- Medium Laser Medium Laser > --- INVENTORY -------- Light Ion Engine Subdweller Power Source Aluminum Leg Wheel Compact Wheel Armored Wheel Improved Heat Sink Large Storage Unit Subdweller Optics Rocket Launcher [Rating: 14] Favorites ----------- Power Ion Engine Engine Ion Engine Power Core Nuclear Core Propulsion Aluminum Leg Leg Aluminum Leg Wheel Armored Wheel Utility Medium Storage Unit Storage Medium Storage Unit Protection Utility Shielding Weapon Medium Laser Energy Gun Medium Laser Ballistic Gun Assault Rifle Launcher Rocket Launcher Build | -11 -10 -10 -9 ------- Run | Yrd Mat Sub Scr Slots Evolved . | . . . . Power . | . . . . Propulsion . | . . . . Utility . | . . . . Weapon . | . . . . Parts Attached 17 | 6 2 4 5 Power 4 | 1 . 1 2 Engine 3 | 1 . 1 1 Core 1 | . . . 1 Reactor . | . . . . Propulsion 5 | 2 . 1 2 Treads . | . . . . Leg 4 | 2 . 1 1 Wheel 1 | . . . 1 Hover . | . . . . Flight . | . . . . Utility 4 | 1 2 1 . Device . | . . . . Storage 3 | 1 2 . . Processor . | . . . . Hackware . | . . . . Protection 1 | . . 1 . Artifact . | . . . . Weapon 4 | 2 . 1 1 Energy Gun 2 | 1 . 1 . Energy Cannon . | . . . . Ballistic Gun 1 | 1 . . . Ballistic Cannon . | . . . . Launcher 1 | . . . 1 Special Weapon . | . . . . Impact Weapon . | . . . . Slashing Weapon . | . . . . Piercing Weapon . | . . . . Special Melee Weapon . | . . . . Unidentified Prototypes . | . . . . Parts Lost 4 | . . 2 2 Power 1 | . . 1 . Propulsion 1 | . . . 1 Utility . | . . . . Weapon 2 | . . 1 1 Highest Loss Streak 2 | . . 2 2 To Critical Strikes . | . . . . Average Backups 7 | 2 4 7 9 Power 1 | . 1 1 2 Propulsion 2 | 1 2 2 3 Utility 2 | . . 2 3 Weapon . | . 1 . . Tool/Special . | . . . . Unused Backups 9 | . 1 . 8 Power 2 | . . . 2 Propulsion 3 | . . . 3 Utility 4 | . 1 . 3 Weapon . | . . . . Tool/Special . | . . . . Average Slot Usage (%) 93 | . 85 90 99 Engine 10 | . 14 13 5 Core 3 | . . . 8 Leg 27 | . 28 28 26 Storage 14 | . 14 14 14 Protection 8 | . . 4 14 Energy Gun 22 | . 14 19 27 Ballistic Gun 5 | . 14 8 . Peak Build Rating 14 | 6 7 8 14 Average Rating 8 | 4 6 6 11 On Entrance 5 | . 6 6 8 Naked Turns . | . . . . Heaviest Build 26 | 14 19 19 26 Greatest Support 25 | 20 20 20 25 Greatest Overweight (x) 2 | 1 . . 2 Average Overweight (x) . | . . . . Largest Inventory Capacity 15 | 8 15 10 10 Average Capacity 9 | 5 8 10 10 Most Carried 10 | 5 7 10 10 Average Carried 7 | 2 4 7 9 Final Capacity 10 | 8 10 10 10 Final Carried 9 | 4 7 9 8 Class Distribution -------------------- 100% | Mutant Dominant Class ---------------- Mutant | -10/Materials Mutant | -10/Subcaves Mutant | -9/Scraptown Resources | -11 -10 -10 -9 ----------- Run | Yrd Mat Sub Scr Matter Collected 420 | 184 79 92 65 Remotely . | . . . . Salvage Created 276 | . 38 77 161 Parts 8 | . 2 5 1 Haulers Intercepted . | . . . . Recyclers Shooed . | . . . . Parts Field Recycled . | . . . . Retrieved Matter . | . . . . Parts Self-Destructed 17 | . . 17 . Prevented . | . . . . Kills | -11 -10 -10 -9 ------- Run | Yrd Mat Sub Scr Combat Hostiles Destroyed 5 | . 1 2 2 Guns 5 | . 1 2 2 Classes Destroyed 4 | . 1 1 2 Grunt 1 | . 1 . . Subdweller 2 | . . 2 . Bolteater 1 | . . . 1 Scrapper 1 | . . . 1 Best Kill Streak 2 | . 1 2 1 Combat Bots Only 2 | . 1 2 1 Max Kills in Single Turn 1 | . 1 1 1 Gunslinging . | . . . . Exploded . | . . . . Melee . | . . . . Uniques/NPCs Destroyed . | . . . . Combat | -11 -10 -10 -9 -------- Run | Yrd Mat Sub Scr Hostile Shots Fired 104 | . . 33 71 Missed 20 | . . 8 12 Hits 84 | . . 25 59 Melee 19 | . . . 19 Projectile 65 | . . 25 40 Damage Taken 1169 | . . 526 643 Core 252 | . . 121 131 Absorbed by Shields . | . . . . Redirected to Shielding 27 | . . . 27 Regen/Repaired (Parts) 229 | . . . 229 Core Remaining (%) 100 | 100 . . . Volleys Fired 26 | . 1 14 11 Largest 2 | . 2 2 2 Hottest 100 | . 70 100 100 Shots Fired 52 | . 3 28 21 Gun 51 | . 3 28 20 Cannon . | . . . . Launcher 1 | . . . 1 Special . | . . . . Kinetic 10 | . 1 9 . Thermal 41 | . 2 19 20 Explosive 1 | . . . 1 Electromagnetic . | . . . . Robot Hit Streak 13 | . 2 10 13 Robot Miss Streak 3 | . . 3 1 Penetration Max . | . . . . Secondary Targets 1 | . . 1 . Max Gunslinging Chain 1 | . . 1 . Shots Hit Robots 41 | . 2 21 18 Core Hits 13 | . 1 7 5 Critical Kills . | . . . . Critical Parts Destroyed . | . . . . Critical Strikes 4 | . . 2 2 Burn 4 | . . 2 2 Melee Attacks . | . . . . Impact . | . . . . Slashing . | . . . . Piercing . | . . . . Sneak Attacks . | . . . . Combat Hostiles . | . . . . Follow-up Attacks . | . . . . Damage Inflicted 529 | . 26 276 227 Guns 475 | . 26 276 173 Cannons . | . . . . Explosions 54 | . . . 54 Melee . | . . . . Ramming . | . . . . Kinetic 88 | . . 88 . Thermal 387 | . 26 188 173 Explosive 54 | . . . 54 Electromagnetic . | . . . . Impact . | . . . . Slashing . | . . . . Piercing . | . . . . Highest Corruption 2 | . 2 2 2 Average Corruption 2 | . 2 2 2 Corruption Purged . | . . . . Corruption Blocked . | . . . . Effects 16 | . 1 6 9 Message Errors 3 | . . 2 1 Matter Fused 4 | . . 1 3 Heat Flow Errors 3 | . . 2 1 Energy Discharges 2 | . . . 2 Data Loss (minor) 2 | . . 1 1 Misfires 2 | . 1 . 1 Overload Shots . | . . . . Overflow Damage 4 | . . . 4 Projectiles . | . . . . Explosions 4 | . . . 4 Melee . | . . . . Knockbacks . | . . . . Impact . | . . . . Kinetic . | . . . . Secondary . | . . . . Self-Inflicted Damage 42 | . . . 42 Shots 1 | . . . 1 Rammed . | . . . . Targets Rammed . | . . . . Kicked . | . . . . Crushed . | . . . . Highest Temperature 268 | . 12 247 268 Average Temperature 126 | . 7 133 133 Received Heat Transfer 243 | . . 60 183 Siege Activations . | . . . . Martial Activations . | . . . . Shielding Activations . | . . . . Robots Disrupted . | . . . . Combat Hostiles . | . . . . Robots Corrupted . | . . . . Combat Hostiles . | . . . . Parts Fried . | . . . . Impact Corruptions . | . . . . Robots Melted . | . . . . Combat Hostiles . | . . . . Parts Melted 2 | . . . 2 Heat Transferred 1397 | . 74 703 620 Parts Sabotaged . | . . . . Parts Stolen 1 | . . . 1 Parts Stripped . | . . . . Power Chain Reactions . | . . . . Alert | -11 -10 -10 -9 ------- Run | Yrd Mat Sub Scr Maximum Alert Level . | . . . . Low Security (%) 100 | 100 100 . . Level 1 . | . . . . Level 2 . | . . . . Level 3 . | . . . . Level 4 . | . . . . Level 5 . | . . . . High Security . | . . . . Max Security . | . . . . Peak Influence 30 | . 30 . . Initial . | . . . . Average 3 | . 4 . . Influence Increases 30 | . 30 . . Destroy 0b10 Robot/C 20 | . 20 . . Destroy Leader 10 | . 10 . . Influence Decreases 30 | . 30 . . Time Decay 30 | . 30 . . Squads Dispatched 1 | . 1 . . Investigation . | . . . . Extermination . | . . . . Reinforcement 1 | . 1 . . Assault . | . . . . Garrison . | . . . . Intercept . | . . . . Searches Triggered . | . . . . Construction Impeded . | . . . . Haulers Reinforced . | . . . . Active Scanning Responses . | . . . . Cargo Convoy Interrupts . | . . . . Stealth | -11 -10 -10 -9 --------- Run | Yrd Mat Sub Scr Distress Signals 2 | . 2 . . Communications Jammed . | . . . . Distress Signals . | . . . . Times Spotted 20 | . 1 3 16 Peak Tracking Total 14 | . 1 2 14 Tactical Retreats . | . . . . Traps | -11 -10 -10 -9 ------- Run | Yrd Mat Sub Scr Traps Triggered 1 | . 1 . . Indirectly . | . . . . Trap Hack Attempts . | . . . . Triggered . | . . . . Disarmed . | . . . . Reprogrammed . | . . . . Reused . | . . . . Traps Extracted . | . . . . Installed . | . . . . Triggered . | . . . . Machines | -11 -10 -10 -9 ---------- Run | Yrd Mat Sub Scr Machines Disabled 1 | . . . 1 Max in Single Turn 1 | . . . 1 Machines Repaired . | . . . . Machines Dismantled . | . . . . Machines Sabotaged . | . . . . Overloaded Fab Kills . | . . . . Hacking | -11 -10 -10 -9 --------- Run | Yrd Mat Sub Scr Machines Accessed 2 | . 1 . 1 Terminals 1 | . 1 . . Fabricators . | . . . . Repair Stations . | . . . . Recycling Units . | . . . . Scanalyzers . | . . . . Garrison Access . | . . . . Total Hacks 11 | . 2 . 9 Successful 11 | . 2 . 9 Failed . | . . . . Catastrophic . | . . . . Database Lockouts . | . . . . Manual . | . . . . Terminals 2 | . 2 . . Fabricators . | . . . . Repair Stations . | . . . . Recycling Units . | . . . . Scanalyzers . | . . . . Garrison Access . | . . . . Terminal Hacks 11 | . 2 . 9 Record 9 | . . . 9 Prototype ID Bank 1 | . 1 . . Alert Level 1 | . 1 . . Fabricator Hacks . | . . . . Repair Station Hacks . | . . . . Recycling Unit Hacks . | . . . . Scanalyzer . | . . . . Garrison Access Hacks . | . . . . Unauthorized Hacks . | . . . . Terminals . | . . . . Fabricators . | . . . . Repair Stations . | . . . . Recycling Units . | . . . . Scanalyzers . | . . . . Garrison Access . | . . . . Data Cores Recovered . | . . . . Used . | . . . . Hacking Detections 1 | . 1 . . Full Trace Events . | . . . . Feedback Events . | . . . . Feedback Blocked . | . . . . Robot Schematics Acquired . | . . . . Robots Built . | . . . . Authchips . | . . . . Time . | . . . . Total Robot Build Rating . | . . . . Part Schematics Acquired . | . . . . Parts Built . | . . . . Authchips . | . . . . Time . | . . . . Total Part Build Rating . | . . . . Parts Repaired . | . . . . Time . | . . . . Parts Recycled . | . . . . Recycled Matter . | . . . . Retrieved Matter . | . . . . Retrieved Components . | . . . . Parts Scanalyzed . | . . . . Part Schematics Acquired . | . . . . Parts Damaged . | . . . . Bothacking | -11 -10 -10 -9 ------------ Run | Yrd Mat Sub Scr Used RIF Installer . | . . . . Robots Hacked . | . . . . Non-combat . | . . . . Combat . | . . . . Robot Hacks Applied . | . . . . Relay Couplers Released . | . . . . Fabnet Peak Effective % . | . . . . Robots Rewired . | . . . . Allies Hacked . | . . . . Hacks Repelled . | . . . . Allies | -11 -10 -10 -9 -------- Run | Yrd Mat Sub Scr Total Allies . | . . . . Largest Group . | . . . . Highest-Rated Group . | . . . . Highest-Rated Ally . | . . . . Total Orders . | . . . . Ally Attacks . | . . . . Total Damage . | . . . . Kills . | . . . . Allies Corrupted . | . . . . Allies Melted . | . . . . Intel | -11 -10 -10 -9 ------- Run | Yrd Mat Sub Scr Active Infowar (turns) . | . . . . Robot Analysis Total . | . . . . Derelict Logs Recovered 1 | . . 1 . Drone Launches . | . . . . Drone Recoveries . | . . . . Exploration | -11 -10 -10 -9 ------------- Run | Yrd Mat Sub Scr Turns Passed 1489 | 77 157 651 604 Spaces Moved 1093 | 51 120 477 445 Core 6 | 6 . . . Treads . | . . . . Legs 1087 | 45 120 477 445 Wheels . | . . . . Hover . | . . . . Flight . | . . . . Fastest Speed 50 | 50 120 120 120 Average Speed 121 | 115 120 120 123 Slowest Speed 260 | 120 120 120 260 Overloaded Moves . | . . . . Propulsion Burnouts . | . . . . Robots Hopped . | . . . . Potential Cave-ins . | . . . . Cave-ins Triggered . | . . . . Exploration Rate (%) 24 | 4 31 29 35 Regions Visited 3 Branch Regions 2 Pre-discovered Areas 1 | . . 1 . Known Exits Taken . | . . . . Unknown Exits Taken 3 | 1 1 1 . Scrap Searched . | . . . . Spaces Dug . | . . . . Terrain Destroyed . | . . . . Melee . | . . . . Projectile . | . . . . AOE . | . . . . Terrain Rammed . | . . . . Walls Destroyed . | . . . . Machines Disabled . | . . . . Actions | -11 -10 -10 -9 --------- Run | Yrd Mat Sub Scr Total 1205 | 69 131 528 477 Wait 28 | 3 1 23 1 Move 1090 | 50 119 476 445 Hop . | . . . . Pick Up 28 | 10 5 8 5 Fast Attach . | . . . . Attach 12 | 6 1 3 2 Detach . | . . . . Swap 12 | . 2 1 9 Drop 9 | . 2 3 4 Fire 26 | . 1 14 11 Melee . | . . . . Ram . | . . . . Kick . | . . . . Crush . | . . . . Escape Stasis . | . . . . Rewire . | . . . . Trap . | . . . . Miscellaneous . | . . . . Route ------- -11/Scrapyard -10/Materials -10/Subcaves -9/Scraptown History --------- Turn | Location | Event 6 | -11/Scrapyard | Discovered new exit (range 16) 78 | -11/Scrapyard | Entered Materials 79 | -10/Materials | Met a group of wandering Federalists 210 | -10/Materials | Discovered new exit (range 6) 235 | -10/Materials | Entered Subcaves 236 | -10/Subcaves | Continued accompanying wandering Federalists (4) 236 | -10/Subcaves | Approached by a straggling Scientist 244 | -10/Subcaves | Learned Materials stockpile data 257 | -10/Subcaves | A swath of the cavern ceiling suddenly collapsed 303 | -10/Subcaves | Build established: Mutant 432 | -10/Subcaves | Learned location of Zion (-7) 432 | -10/Subcaves | Met a Zionite searching for "candidates" 701 | -10/Subcaves | A swath of the cavern ceiling suddenly collapsed 886 | -10/Subcaves | Entered Scraptown 1206 | -9/Scraptown | Visited IN-MT5's Study 1273 | -9/Scraptown | Visited Shadow of the Wyrm 1320 | -9/Scraptown | Visited Red Mages 1406 | -9/Scraptown | Visited CR-KLE's Repair Center 1415 | -9/Scraptown | CR-KLE repaired 6 parts 1435 | -9/Scraptown | Attacked by Scraptown defenders 1441 | -9/Scraptown | Core integrity fell below 50% 1484 | -9/Scraptown | Core integrity fell below 20% 1490 | -9/Scraptown | Destroyed by 4P-1U8(g) with Salvaging Laser Last Messages --------------- Bolt penetrates Wall. Penetrated by Bolt. Bolt penetrates Wall. Carbon-fiber Leg ripped off. Bolt penetrates Wall. 34-C2A(r) follow-up attacks with Ripteeth. 34-C2A(r) suffers critical hit (Burn). 34-C2A(r) follow-up attacks with Ripteeth. Bolt penetrates Wall. 34-C2A(r) heat damages core (-6). 34-C2A(r) overheating. B1-BHK(r) follow-up attacks with Ripteeth. 34-C2A(r) overheating. 34-C2A(r) heat damages core (-6). 34-C2A(r) overheating. Bolt penetrates Wall. Wheel melted. Sml. Storage Unit melted. 34-C2A(r) destroyed. Wall collapses. Map ----- +----------------------------------------------------+ | ?????????????????????????????????????????????????? | | ?????????????????????????????????????????????????? | | ?????????????????????????????????????????????????? | | ???????????????????????????????????????????????? | | ???????????????????????????????????????????????? | | ???????????????????????????????????????????????? | | ???????????????????????????????????????????????? | | ???????????????????????????????????????????????? | | #???????????????????????????????????????????????? | | #???????????????????????????????????????????????? | | "???????????????????????????????????????????????? | | "???????????????????????????????????????????????? | | ???????????????????????????????????????????????? | | "???????????????????????????????????????????????? | | "???????????????????????????????????????????????? | | #?????????????############??????????????????????? | | #????????????#"""""""""""#??????????????????????? | | #????#########"""""""""""#??????????????????????? | | #????# # # ##""""""" """#??????????????????????? | | #???## " " ##"" " """#??????????????????????? | | #???#" "#""" """#??????????????????????? | | #???# #""" !""""#??????????????????????? | | #???# #""" """#??????????????????????? | | #???# # #??????????????????????? | | #???# # pr#??????????????????????? | | #???# # =%@#??????????????????????? | | ########## ###########h;###?????????????????????? | | Mgh #?????????????????????? | | r g #?????????????????????? | | j hE #?????????????????????? | | x #?????????????????????? | | j #?????????????????????? | | ############ #### #?????????????????????? | | #??#" # #?????????????????????? | | #??#"" # #?????????????????????? | | #??#"" """ # #?????????????????????? | | #??#""" """# #?????????????????????? | | #??#"" " " """"# #?????????????????????? | | #??#"" """ "# #?????????????????????? | | #??#" """ ""# ""????????????????????? | | #??#" " ""# ""????????????????????? | | #??#"" """""" ""# ""????????????????????? | | #??#"""######+#"# ##????????????????????? | | #??#"""#!!!!! #"# #?????????????????????? | | #??#"""#!! !!!#?# ?????????????????????? | | #??############?# ??????????????????????? | | #???????????????? ?????????????????????????? | | #???????????????? ???????????????????????????? | | ##??????????????????????????????????????????????? | | ?????????????????????????????????????????????? | +----------------------------------------------------+ Best States ------------- Heat Dissipation 25 Energy Generation 18 Energy Capacity 250 Matter Stores 300 Matter Capacity 300 Sight Range 16 Terrain Scan Density 10 Utility Shielding 33 Evasion (%) 55 Item Schematics ----------------- None Robot Schematics ------------------ None Fabricated ------------ Nothing Repaired ---------- Nothing Alien Tech Used ----------------- None Achievements -------------- None Challenges ------------ None Game ------ Seed ZioniteBottomlessHumpback Manual? 0 Play Time 00:22:04 Cumulative 20.6 hours Start 2025.08.02 @ 20:07:51 End 2025.09.04 @ 11:28:24 Sessions 2 Manual Loads 0 Difficulty Rogue Special Mode None Game No. 30 Rogue 30 Adventurer 0 Explorer 0 Win Type - Total 0 Types 0/0/0/0/0/0/0/0/0/0 Lore% 12 Gallery% 20 Achievement% 17 Wizard Run 0 Options --------- Layout 1 ASCII 0 Keyboard 0 Movement Mouse Keybinds 0 Fullscreen 1 Font 20/SmallcapsGlow Map View 64x42 Zoom Use 0% Tactical HUD 0 Map Filters NONE Filters NONE Steam 1 RUN: f2ef8cbb-62e2-4e5f-9cd6-cf9303f97d56